Cogmind - Beta 13 *** ADVENTURER MODE // 2024.05.03 @ 12:19:29 Player: LILITH Result: Destroyed by as-97891 with Assembled Rifle Performance ------------- Evolutions (0) 0 Regions Visited (4) 800 Robots Destroyed (7) 35 Value Destroyed (141) 141 Prototype IDs (0) 0 Alien Tech Used (0) 0 Bonus (300) 300 TOTAL SCORE: 1276 Bonus ------- Aligned with FarCom 300 Cogmind --------- Core Integrity 0/250 Matter 300/300 Energy 56/100 System Corruption 1% Temperature Cool (0) Movement Rolling (80) Location -9/Mines Parts ------- > --- POWER (1) -------- (None) > --- PROPULSION (2) --- Wheel > --- UTILITY (2) ------ ECM Suite Light Armor Plating > --- WEAPON (2) ------- (None) > --- INVENTORY (5) ---- Cooling System High-capacity Storage Unit Medium Matter Pod (100) Peak State ------------ > --- POWER ------------ Ion Engine > --- PROPULSION ------- Aluminum Leg Aluminum Leg > --- UTILITY ---------- Improved Terrain Scanner ECM Suite > --- WEAPON ----------- EM Pulse Gun Assault Rifle > --- INVENTORY -------- Reinforced Deuterium Engine Light Fission Core Aluminum Leg Medium Matter Pod ECM Suite [Rating: 10] Favorites ----------- Power Ion Engine Engine Ion Engine Propulsion Aluminum Leg Leg Aluminum Leg Wheel Wheel Utility ECM Suite Device ECM Suite Storage High-capacity Matter Pod Protection Light Armor Plating Weapon EM Pulse Gun Energy Gun EM Pulse Gun Ballistic Gun Assault Rifle Build | -11 -10 -10 -10 -9 ------- Run | Yrd Mat Min Exi Min Slots Evolved . | . . . . . Power . | . . . . . Propulsion . | . . . . . Utility . | . . . . . Weapon . | . . . . . Parts Attached 18 | 5 3 1 . 9 Power 3 | 1 1 . . 1 Engine 3 | 1 1 . . 1 Core . | . . . . . Reactor . | . . . . . Propulsion 5 | 2 . . . 3 Treads . | . . . . . Leg 4 | 2 . . . 2 Wheel 1 | . . . . 1 Hover . | . . . . . Flight . | . . . . . Utility 7 | . 2 1 . 4 Device 4 | . 2 1 . 1 Storage 2 | . . . . 2 Processor . | . . . . . Hackware . | . . . . . Protection 1 | . . . . 1 Artifact . | . . . . . Weapon 3 | 2 . . . 1 Energy Gun 2 | 1 . . . 1 Energy Cannon . | . . . . . Ballistic Gun 1 | 1 . . . . Ballistic Cannon . | . . . . . Launcher . | . . . . . Special Weapon . | . . . . . Impact Weapon . | . . . . . Slashing Weapon . | . . . . . Piercing Weapon . | . . . . . Special Melee Weapon . | . . . . . Unidentified Prototypes . | . . . . . Parts Lost 1 | . . . . 1 Power . | . . . . . Propulsion . | . . . . . Utility 1 | . . . . 1 Weapon . | . . . . . Highest Loss Streak 1 | . . . . 1 To Critical Strikes . | . . . . . Average Slot Usage (%) 96 | . 95 100 100 84 Engine 13 | . 14 14 14 12 Leg 27 | . 28 28 28 23 Device 25 | . 23 28 28 15 Storage 1 | . . . . 7 Energy Gun 13 | . 14 14 14 12 Ballistic Gun 13 | . 14 14 14 11 Naked Turns 34 | . . . . 34 Heaviest Build 15 | 7 13 13 12 15 Greatest Support 20 | 20 20 20 20 20 Greatest Overweight (x) . | . . . . . Average Overweight (x) . | . . . . . Largest Inventory Capacity 5 | 5 5 5 5 5 Average Capacity 5 | 5 5 5 5 5 Most Carried 5 | 3 5 5 5 5 Average Carried 4 | . 4 4 4 4 Final Capacity 5 | 5 5 5 5 5 Final Carried 5 | 2 5 5 5 3 Class Distribution -------------------- 96% | Mutant 3% | Skirmisher Dominant Class ---------------- Mutant | -10/Materials Mutant | -10/Mines Mutant | -10/Exiles Mutant | -9/Mines Resources | -11 -10 -10 -10 -9 ----------- Run | Yrd Mat Min Exi Min Matter Collected 640 | 243 . 72 210 115 Remotely . | . . . . . Salvage Created 251 | 49 . 72 . 130 Parts 20 | 3 . 11 . 6 Haulers Intercepted . | . . . . . Recyclers Shooed . | . . . . . Parts Field Recycled . | . . . . . Retrieved Matter . | . . . . . Parts Self-Destructed . | . . . . . Prevented . | . . . . . Kills | -11 -10 -10 -10 -9 ------- Run | Yrd Mat Min Exi Min Combat Hostiles Destroyed 8 | 1 . 3 . 4 Guns 8 | 1 . 3 . 4 Classes Destroyed 5 | 1 . 2 . 2 Tunneler 1 | . . 1 . . Swarmer 3 | . . 3 . . Grunt 2 | 1 . . . 1 Brawler 1 | . . . . 1 Assembled 2 | . . . . 2 Best Kill Streak 2 | 1 . 2 . 1 Combat Bots Only 2 | 1 . 2 . 1 Max Kills in Single Turn 1 | 1 . 1 . 1 Gunslinging . | . . . . . Exploded . | . . . . . Melee . | . . . . . Uniques/NPCs Destroyed . | . . . . . Combat | -11 -10 -10 -10 -9 -------- Run | Yrd Mat Min Exi Min Hostile Shots Fired 89 | 2 3 17 . 67 Missed 23 | 2 . 5 . 16 Damage Taken 690 | . 25 84 . 581 Core 256 | . . 4 . 252 Absorbed by Shields . | . . . . . Ignored by Resistances 205 | . 8 27 . 170 Core Remaining (%) 100 | 100 . . . . Volleys Fired 27 | 2 . 8 . 17 Largest 2 | 2 . 2 . 2 Hottest 60 | 60 . 60 . 60 Shots Fired 50 | 4 . 16 . 30 Gun 50 | 4 . 16 . 30 Cannon . | . . . . . Launcher . | . . . . . Special . | . . . . . Kinetic 23 | 2 . 8 . 13 Thermal 4 | . . . . 4 Explosive . | . . . . . Electromagnetic 23 | 2 . 8 . 13 Robot Hit Streak 6 | 4 . 6 . 6 Robot Miss Streak 3 | . . 3 . 3 Penetration Max . | . . . . . Secondary Targets . | . . . . . Shots Hit Robots 30 | 4 . 8 . 18 Core Hits 14 | 2 . 4 . 8 Critical Kills 1 | 1 . . . . Critical Parts Destroyed . | . . . . . Critical Strikes 1 | 1 . . . . Destroy 1 | 1 . . . . Melee Attacks . | . . . . . Impact . | . . . . . Slashing . | . . . . . Piercing . | . . . . . Sneak Attacks . | . . . . . Combat Hostiles . | . . . . . Follow-up Attacks . | . . . . . Damage Inflicted 375 | 52 . 102 . 221 Guns 372 | 52 . 102 . 218 Cannons . | . . . . . Explosions . | . . . . . Melee . | . . . . . Ramming 3 | . . . . 3 Kinetic 205 | 24 . 56 . 125 Thermal 32 | . . . . 32 Explosive . | . . . . . Electromagnetic 135 | 28 . 46 . 61 Impact . | . . . . . Slashing . | . . . . . Piercing . | . . . . . Highest Corruption 1 | . . . . 1 Average Corruption 1 | . . . . 1 Corruption Purged . | . . . . . Corruption Blocked . | . . . . . Effects 3 | . . . . 3 Message Errors 1 | . . . . 1 Data Loss (minor) 1 | . . . . 1 Alerts 1 | . . . . 1 Overload Shots . | . . . . . Overflow Damage . | . . . . . Projectiles . | . . . . . Explosions . | . . . . . Melee . | . . . . . Knockbacks . | . . . . . Impact . | . . . . . Kinetic . | . . . . . Secondary . | . . . . . Self-Inflicted Damage . | . . . . . Shots . | . . . . . Rammed . | . . . . . Targets Rammed 2 | . . . . 2 Kicked 2 | . . . . 2 Crushed . | . . . . . Highest Temperature 41 | . . . . 41 Average Temperature 18 | . . . . 18 Received Heat Transfer 339 | . 18 15 . 306 Siege Activations . | . . . . . Robots Corrupted . | . . . . . Combat Hostiles . | . . . . . Parts Fried . | . . . . . Impact Corruptions . | . . . . . Robots Melted . | . . . . . Combat Hostiles . | . . . . . Parts Melted . | . . . . . Heat Transferred 75 | . . . . 75 Parts Sabotaged . | . . . . . Parts Stolen . | . . . . . Parts Stripped . | . . . . . Power Chain Reactions . | . . . . . Alert | -11 -10 -10 -10 -9 ------- Run | Yrd Mat Min Exi Min Peak Influence 98 | 20 26 98 . 55 Initial 11 | . 11 8 . . Average 22 | 3 11 19 . 34 Maximum Alert Level . | . . . . . Low Security (%) 100 | 100 100 100 . 100 Level 1 . | . . . . . Level 2 . | . . . . . Level 3 . | . . . . . Level 4 . | . . . . . Level 5 . | . . . . . High Security . | . . . . . Max Security . | . . . . . Squads Dispatched 1 | . 1 . . . Investigation 1 | . 1 . . . Extermination . | . . . . . Reinforcement . | . . . . . Assault . | . . . . . Garrison . | . . . . . Intercept . | . . . . . Searches Triggered . | . . . . . Construction Impeded . | . . . . . Haulers Reinforced . | . . . . . Active Scanning Responses . | . . . . . Cargo Convoy Interrupts . | . . . . . Stealth | -11 -10 -10 -10 -9 --------- Run | Yrd Mat Min Exi Min Distress Signals . | . . . . . Communications Jammed . | . . . . . Distress Signals . | . . . . . Times Spotted 24 | 1 2 7 . 14 Peak Tracking Total 8 | 1 1 3 . 8 Tactical Retreats 6 | . 1 3 . 2 Traps | -11 -10 -10 -10 -9 ------- Run | Yrd Mat Min Exi Min Traps Triggered . | . . . . . Indirectly . | . . . . . Trap Hack Attempts . | . . . . . Triggered . | . . . . . Disarmed . | . . . . . Reprogrammed . | . . . . . Reused . | . . . . . Traps Extracted . | . . . . . Installed . | . . . . . Triggered . | . . . . . Machines | -11 -10 -10 -10 -9 ---------- Run | Yrd Mat Min Exi Min Machines Disabled . | . . . . . Max in Single Turn . | . . . . . Machines Repaired . | . . . . . Machines Dismantled . | . . . . . Machines Sabotaged . | . . . . . Overloaded Fab Kills . | . . . . . Hacking | -11 -10 -10 -10 -9 --------- Run | Yrd Mat Min Exi Min Machines Accessed 5 | . 1 . 4 . Terminals 1 | . 1 . . . Fabricators . | . . . . . Repair Stations . | . . . . . Recycling Units . | . . . . . Scanalyzers . | . . . . . Garrison Access . | . . . . . Total Hacks 54 | . 5 . 49 . Successful 52 | . 3 . 49 . Failed 1 | . 1 . . . Catastrophic . | . . . . . Database Lockouts 1 | . 1 . . . Manual . | . . . . . Terminals 5 | . 5 . . . Fabricators . | . . . . . Repair Stations . | . . . . . Recycling Units . | . . . . . Scanalyzers . | . . . . . Garrison Access . | . . . . . Terminal Hacks 52 | . 3 . 49 . Record 52 | . 3 . 49 . Fabricator Hacks . | . . . . . Repair Station Hacks . | . . . . . Recycling Unit Hacks . | . . . . . Scanalyzer . | . . . . . Garrison Access Hacks . | . . . . . Unauthorized Hacks . | . . . . . Terminals . | . . . . . Fabricators . | . . . . . Repair Stations . | . . . . . Recycling Units . | . . . . . Scanalyzers . | . . . . . Garrison Access . | . . . . . Data Cores Recovered . | . . . . . Used . | . . . . . Hacking Detections 1 | . 1 . . . Full Trace Events 1 | . 1 . . . Feedback Events . | . . . . . Feedback Blocked . | . . . . . Robot Schematics Acquired . | . . . . . Robots Built . | . . . . . Authchips . | . . . . . Time . | . . . . . Total Robot Build Rating . | . . . . . Part Schematics Acquired . | . . . . . Parts Built . | . . . . . Authchips . | . . . . . Time . | . . . . . Total Part Build Rating . | . . . . . Parts Repaired . | . . . . . Time . | . . . . . Parts Recycled . | . . . . . Recycled Matter . | . . . . . Retrieved Matter . | . . . . . Retrieved Components . | . . . . . Parts Scanalyzed . | . . . . . Part Schematics Acquired . | . . . . . Parts Damaged . | . . . . . Bothacking | -11 -10 -10 -10 -9 ------------ Run | Yrd Mat Min Exi Min Used RIF Installer . | . . . . . Robots Hacked . | . . . . . Non-combat . | . . . . . Combat . | . . . . . Robot Hacks Applied . | . . . . . Relay Couplers Released . | . . . . . Fabnet Peak Effective % . | . . . . . Robots Rewired . | . . . . . Allies Hacked . | . . . . . Hacks Repelled . | . . . . . Allies | -11 -10 -10 -10 -9 -------- Run | Yrd Mat Min Exi Min Total Allies . | . . . . . Largest Group . | . . . . . Highest-Rated Group . | . . . . . Highest-Rated Ally . | . . . . . Total Orders . | . . . . . Ally Attacks . | . . . . . Total Damage . | . . . . . Kills . | . . . . . Allies Corrupted . | . . . . . Allies Melted . | . . . . . Intel | -11 -10 -10 -10 -9 ------- Run | Yrd Mat Min Exi Min Robot Analysis Total . | . . . . . Derelict Logs Recovered 4 | . . 3 . 1 Drone Launches . | . . . . . Drone Recoveries . | . . . . . Exploration | -11 -10 -10 -10 -9 ------------- Run | Yrd Mat Min Exi Min Turns Passed 2051 | 81 120 621 820 409 Spaces Moved 1645 | 65 92 491 679 318 Core 87 | 21 . . . 66 Treads . | . . . . . Legs 1553 | 44 92 491 679 247 Wheels 5 | . . . . 5 Hover . | . . . . . Flight . | . . . . . Fastest Speed 50 | 50 120 120 120 50 Average Speed 116 | 97 120 120 120 104 Slowest Speed 120 | 120 120 120 120 120 Overloaded Moves . | . . . . . Propulsion Burnouts . | . . . . . Robots Hopped . | . . . . . Cave-ins Triggered . | . . . . . Exploration Rate (%) 47 | 8 16 84 90 37 Regions Visited 4 Branch Regions 3 Pre-discovered Areas 3 | . . 2 1 . Known Exits Taken . | . . . . . Unknown Exits Taken 4 | 1 1 1 1 . Scrap Searched 1 | . . . . 1 Spaces Dug . | . . . . . Terrain Destroyed . | . . . . . Melee . | . . . . . Projectile . | . . . . . AOE . | . . . . . Terrain Rammed . | . . . . . Walls Destroyed . | . . . . . Machines Disabled . | . . . . . Actions | -11 -10 -10 -10 -9 --------- Run | Yrd Mat Min Exi Min Total 1737 | 78 101 507 688 363 Wait 16 | . . 6 . 10 Move 1641 | 64 91 490 678 318 Hop . | . . . . . Pick Up 25 | 7 6 1 5 6 Fast Attach . | . . . . . Attach 14 | 5 2 . . 7 Detach . | . . . . . Swap 4 | . 1 1 . 2 Drop 8 | . 1 1 5 1 Fire 27 | 2 . 8 . 17 Melee . | . . . . . Ram . | . . . . . Kick 2 | . . . . 2 Crush . | . . . . . Escape Stasis . | . . . . . Rewire . | . . . . . Trap . | . . . . . Miscellaneous . | . . . . . Route ------- -11/Scrapyard -10/Materials -10/Mines (discovered 2 exits: [*Mat] / *Exi) -10/Exiles -9/Mines History --------- Turn | Location | Event 2 | -11/Scrapyard | Met Revision 17 60 | -11/Scrapyard | Discovered new exit (range 8) 82 | -11/Scrapyard | Entered Materials 147 | -10/Materials | Central database locked down 185 | -10/Materials | Discovered new exit (range 8) 202 | -10/Materials | Entered Mines 203 | -10/Mines | Met a Derelict bent on vengeance 313 | -10/Mines | Build established: Mutant 399 | -10/Mines | Learned Materials terminal intel 564 | -10/Mines | Discovered new exit (range 8) 660 | -10/Mines | Deemed a non-threat by the Exiles lab entrance 660 | -10/Mines | Discovered new exit (range 5) 823 | -10/Mines | Entered Exiles 861 | -10/Exiles | Met 8R-AWN 883 | -10/Exiles | Met EX-HEX 921 | -10/Exiles | Met EX-BIN 1041 | -10/Exiles | Aligned with FarCom system 1043 | -10/Exiles | Given EX-Vault access code 1104 | -10/Exiles | Met EX-DEC 1134 | -10/Exiles | Learned location of Zion (-7) 1234 | -10/Exiles | Discovered new exit (range 14) 1402 | -10/Exiles | Visited The Gauntlet 1643 | -10/Exiles | Entered Mines 1659 | -9/Mines | Learned Materials garrison access intel 1917 | -9/Mines | Assembled infested the area 1986 | -9/Mines | Released all parts (7) 2023 | -9/Mines | Released all parts (3) 2024 | -9/Mines | Core integrity fell below 50% 2039 | -9/Mines | Core integrity fell below 20% 2052 | -9/Mines | Destroyed by as-97891 with Assembled Rifle Last Messages --------------- Released ECM Suite. Released Ion Engine. U-05 Engineer suffers critical hit (Burn). U-05 Engineer destroyed. K-01 Serf collects debris. T-07 Excavator destroyed. FF ULSRC#K2T DQ,J5K5PMUMA/ Acquired Ion Engine. Acquired Sml. Laser. as-25549 destroyed. System corrupted: Component data lost. Released Ion Engine. Released Aluminum Leg. Released Sml. Laser. Acquired 5 matter. Acquired 15 matter. Acquired Lgt. Armor Plating. Acquired 20 matter. Acquired Wheel. Acquired 20 matter. Map ----- +----------------------------------------------------+ | ??# % % ### #####????????????????????????? | | #?# ### #?## ##????????????????????????????? | | ??# ###%#??## #?????????????????????????????? | | ??# #?# #???#### #?????????????????????????????? | | ### ### ######?# ##????????????????????????????? | | # =*[ #?# ##???????????????????????????? | | ####### #?# ##??????????????????????????? | | ##?????# #?# ###????????????????????????? | | ##??#??## ### ##???????????????????????? | | # ##?##??#?# #???????????????????????? | | ####????????# #### #???????????????????????? | | ????????#???# #### ##???????????????????????? | | ???????#???## ## ####????????????????????????? | | ?#????????## = ##???????????????????????????? | | ??????????# =%* #????????????????????????????? | | ?????????## ! %########?????????????????????? | | ????????## =!=[ #?????????????????????? | | #########%! =![ a #????????? ??????????? | | =| *####aa#????##? % ??????????? | | !%! #??#%=#??? ! ?????????? | | ######## #??#aa#?? !%%* #????????? | | #??????### ##??#==## = #???????????? | | #????????###########???#a " #???????????????? | | ##??????????????????????#a ### ##???????????????? | | #????######?????????????# ##????????????????????? | | ????## %##????????????#@ #????????????????????? | | ????# #???????????# #???????????????????? | | ##### ##?????????# #???????????????????? | | #????????| ##???????????????????? | | ##### #??????? % ###????????????????????? | | ????# ##?????? ##??????????????????????? | | ???# ##?????? #????????????????????????? | | ??# ###?????? %=?????????????????????????? | | ?# ##?????? | ?????????????????????????? | | ?# ##?????? * ?????????????????????????? | | ?## ##???????# %= ?????????????????????????? | | ??###?????????## %= ?????????????????????????? | | ???????????????? ! ??????????????????????????? | | ######???????????? ??????????????????????????? | | """ #??????????????? ???????????????????????????? | | """ #???????????????????????????????????????????? | | """ #???????????????????????????????????????????? | | #???????????????????????????????????????????? | | #???????????????????????????????????????????? | | #???????????????????????????????????????????? | | ######???????????????????????????????????????????? | | ?????????????????????????????????????????????????? | | ?????????????????????????????????????????????????? | | ?????????????????????????????????????????????????? | | ?????????????????????????????????????????????????? | +----------------------------------------------------+ Best States ------------- Heat Dissipation 25 Energy Generation 10 Energy Capacity 250 Matter Stores 500 Matter Capacity 500 Sight Range 16 Terrain Scan Range 16 Terrain Scan Density 10 ECM Strength 2 Armor Coverage 150 Resistance: KI 20 Resistance: TH 20 Resistance: EX 20 Resistance: EM 20 Resistance: I 20 Resistance: S 20 Resistance: P 20 Evasion (%) 55 Offensive Hacking 10 Item Schematics ----------------- None Robot Schematics ------------------ None Fabricated ------------ Nothing Alien Tech Used ----------------- None Achievements -------------- Librarian Tourist Challenges ------------ None Game ------ Seed FieldBackupWeb Manual? 0 Play Time 00:28:19 Cumulative 1.6 hours Start 2024.05.03 @ 11:50:19 End 2024.05.03 @ 12:19:29 Sessions 1 Manual Loads 0 Difficulty Adventurer Special Mode None Game No. 3 Rogue 0 Adventurer 3 Explorer 0 Win Type - Total 0 Types 0/0/0/0/0/0/0/0/0 Lore% 9 Gallery% 5 Achievement% 4 Wizard Run 0 Options --------- Layout 1 ASCII 0 Keyboard 0 Movement Mouse Keybinds 0 Fullscreen 1 Font 24/Tallcaps Map View 50x35 Zoom Use 0% Tactical HUD 0 Map Filters NONE Filters NONE Steam 1 RUN: c3efcdbc-7d85-425f-8495-6efb9c3c70b4